TOP OF THE 1ST |
Aberdeen Ironbirds batting - Pitching for Idaho Falls Chukars : LHP Chris Shoemaker
|
Pitching: LHP Chris Shoemaker
|
|
Batting: RHB Mario Luna
|
0-0: Called Strike 0-1: Swinging Strike 0-2: Ball 1-2: Strikes out swinging
|
Batting: LHB Jose Bethancourt
|
0-0: Foul Ball, location: 2F 0-1: Called Strike 0-2: Ball 1-2: Ball 2-2: DOUBLE (Groundball, 5L, EV 101.2 MPH)
|
Batting: RHB Edwin Ramos
|
0-0: Ball 1-0: Ball 2-0: Ball 3-0: Called Strike 3-1: Base on Balls
|
Batting: LHB Tim Mulholland
|
0-0: Swinging Strike 0-1: Foul Ball, location: 2F 0-2: Strikes out looking
|
Batting: RHB Jordan Wallace
|
0-0: Ball 1-0: Ball 2-0: Foul Ball, location: 2F 2-1: Swinging Strike 2-2: Ball 3-2: Foul Ball, location: 2F 3-2: 3-RUN HOME RUN (Flyball, 7LD, EV 91.2 MPH), Distance : 358 ft
|
Batting: RHB Lee Deason
|
0-0: Ball 1-0: Ball 2-0: Ball 3-0: Called Strike 3-1: Foul Ball, location: 2F 3-2: Foul Ball, location: 2F 3-2: Base on Balls
|
Batting: SHB Jorge Brito
|
0-0: Swinging Strike 0-1: Called Strike 0-2: Ball Lee Deason steals 2nd, throwing error, E2 Lee Deason to third 1-2: Strikes out looking
|
Top of the 1st over - 3 runs, 2 hits, 1 error, 1 left on base; Aberdeen 3 - Idaho Falls 0 |
BOTTOM OF THE 1ST |
Idaho Falls Chukars batting - Pitching for Aberdeen Ironbirds : RHP Nick Hoag
|
Pitching: RHP Nick Hoag
|
|
Batting: RHB Chad Sullivan
|
0-0: Ball 1-0: Ball 2-0: Called Strike 2-1: Ball 3-1: Foul Ball, location: 2F 3-2: SINGLE (Groundball, 5S, EV 75.0 MPH) (infield hit)
|
Batting: RHB Eric Erickson
|
0-0: Called Strike 0-1: Foul Ball, location: 2F 0-2: Ball 1-2: Ball Chad Sullivan steals 2nd base 2-2: Strikes out looking
|
Batting: RHB Ken Postlethwaite
|
0-0: Ball 1-0: Hit by Pitch
|
Batting: RHB Edite Leoni
|
0-0: Called Strike Chad Sullivan steals 3rd base 0-1: Called Strike Ken Postlethwaite steals 2nd base 0-2: Strikes out looking
|
Batting: RHB Nate De Jongh
|
0-0: Foul Ball, location: 2F 0-1: Swinging Strike 0-2: Strikes out swinging
|
Bottom of the 1st over - 0 runs, 1 hit, 0 errors, 2 left on base; Aberdeen 3 - Idaho Falls 0 |
TOP OF THE 2ND |
Aberdeen Ironbirds batting - Pitching for Idaho Falls Chukars : LHP Chris Shoemaker
|
Batting: RHB Hunter Neumann
|
0-0: SINGLE (Groundball, 5D, EV 94.4 MPH)
|
Batting: SHB Tyler Myatt
|
0-0: Ball 1-0: Ball 2-0: Called Strike 2-1: Foul Ball, location: 2F 2-2: Ball 3-2: Ground out 5-3 (Groundball, 56, EV 90.6 MPH) Hunter Neumann to second
|
Batting: RHB Mario Luna
|
0-0: Ball 1-0: Ball 2-0: Foul Ball, location: 2F 2-1: Ball 3-1: Base on Balls
|
Batting: LHB Jose Bethancourt
|
0-0: SINGLE (Groundball, 34D, EV 98.8 MPH) Hunter Neumann to third Mario Luna to second Runner from 3rd tries for Home, SAFE, throw by RF to home
|
Batting: RHB Edwin Ramos
|
0-0: Called Strike 0-1: SINGLE (Flyball, 78S, EV 96.9 MPH) Mario Luna to third Jose Bethancourt to second
|
Batting: LHB Tim Mulholland
|
0-0: Hit by Pitch Mario Luna scores Jose Bethancourt to third Edwin Ramos to second
|
Batting: RHB Jordan Wallace
|
0-0: Ball 1-0: Ball 2-0: Ball 3-0: Called Strike 3-1: Foul Ball, location: 2F 3-2: Foul Ball, location: 2F 3-2: Foul Ball, location: 2F 3-2: Base on Balls Jose Bethancourt scores Edwin Ramos to third Tim Mulholland to second
|
Batting: RHB Lee Deason
|
0-0: Ball 1-0: Called Strike 1-1: Ball 2-1: Ball 3-1: Base on Balls Edwin Ramos scores Tim Mulholland to third Jordan Wallace to second
|
Pitching: RHP Edwin Ramos
|
|
Batting: SHB Jorge Brito
|
0-0: Ball Balk! Tim Mulholland scores Jordan Wallace to third Lee Deason to second 1-0: Called Strike 1-1: Ball 2-1: Foul Ball, location: 2F 2-2: Ball 3-2: Fly out, F7 (Line Drive, 7, EV 96.9 MPH)
|
Batting: RHB Hunter Neumann
|
0-0: Ball Wild Pitch! Jordan Wallace scores Lee Deason to third 1-0: Ball 2-0: Ball 3-0: Base on Balls
|
Batting: SHB Tyler Myatt
|
0-0: Ball 1-0: Fly out, F7 (Flyball, 7D, EV 100.6 MPH)
|
Top of the 2nd over - 6 runs, 3 hits, 0 errors, 2 left on base; Aberdeen 9 - Idaho Falls 0 |
BOTTOM OF THE 2ND |
Idaho Falls Chukars batting - Pitching for Aberdeen Ironbirds : RHP Nick Hoag
|
Batting: RHB Kevin Allen
|
0-0: Ball 1-0: Called Strike 1-1: Ball 2-1: Swinging Strike 2-2: Strikes out looking
|
Batting: RHB Eric Dyer
|
0-0: Called Strike 0-1: Ball 1-1: Foul Ball, location: 2F 1-2: Single, Error in OF, E9, batter to second base (Groundball, 3D, EV 100.6 MPH)
|
Batting: RHB Ben Minge
|
0-0: Called Strike Eric Dyer steals 3rd base 0-1: Foul Ball, location: 2F 0-2: Ball 1-2: Strikes out swinging
|
Batting: RHB Timotheus Cooper
|
0-0: Swinging Strike 0-1: Called Strike 0-2: Strikes out looking
|
Bottom of the 2nd over - 0 runs, 1 hit, 1 error, 1 left on base; Aberdeen 9 - Idaho Falls 0 |
TOP OF THE 3RD |
Aberdeen Ironbirds batting - Pitching for Idaho Falls Chukars : RHP Edwin Ramos
|
Batting: RHB Mario Luna
|
0-0: Ball 1-0: Ball 2-0: Swinging Strike 2-1: Ball 3-1: Foul Ball, location: 2F 3-2: Base on Balls
|
Batting: LHB Jose Bethancourt
|
0-0: Ball 1-0: Called Strike 1-1: Ball Wild Pitch! Mario Luna to second 2-1: Ball Wild Pitch! Mario Luna to third 3-1: Base on Balls
|
Batting: RHB Edwin Ramos
|
0-0: Ball Balk! Mario Luna scores Jose Bethancourt to second Balk! Jose Bethancourt to third 1-0: TRIPLE (Flyball, 89XD, EV 105.0 MPH) Jose Bethancourt scores
|
Pitching: LHP Randy Stapleton
|
|
Batting: LHB Tim Mulholland
|
0-0: Fly out, F7 (Flyball, 7LS, EV 83.1 MPH)
|
Batting: RHB Jordan Wallace
|
0-0: Called Strike 0-1: Fly out, F4 (Popup, 23, EV 86.9 MPH)
|
Batting: RHB Lee Deason
|
0-0: Foul Ball, location: 2F 0-1: DOUBLE (Line Drive, 7LM, EV 93.8 MPH) Edwin Ramos scores
|
Batting: SHB Jorge Brito
|
0-0: Ball 1-0: Foul Ball, location: 2F Balk! Lee Deason to third 1-1: Swinging Strike 1-2: Ground out 5-3 (Groundball, 56, EV 83.1 MPH)
|
Top of the 3rd over - 3 runs, 2 hits, 0 errors, 1 left on base; Aberdeen 12 - Idaho Falls 0 |
BOTTOM OF THE 3RD |
Idaho Falls Chukars batting - Pitching for Aberdeen Ironbirds : RHP Nick Hoag
|
Batting: RHB Chad Sullivan
|
0-0: Ball 1-0: Foul Ball, location: 2F 1-1: Ball 2-1: Swinging Strike 2-2: Hit by Pitch
|
Batting: RHB Eric Erickson
|
0-0: Ball Wild Pitch! Chad Sullivan to second 1-0: Swinging Strike 1-1: Ball 2-1: Foul Ball, location: 2F 2-2: Strikes out swinging
|
Batting: RHB Ken Postlethwaite
|
0-0: Ball 1-0: Called Strike 1-1: Foul Ball, location: 2F 1-2: Fly out, F9 (Flyball, 9, EV 90.6 MPH)
|
Batting: RHB Edite Leoni
|
0-0: Called Strike 0-1: Fly out, F7 (Line Drive, 7D, EV 90.6 MPH)
|
Bottom of the 3rd over - 0 runs, 0 hits, 0 errors, 1 left on base; Aberdeen 12 - Idaho Falls 0 |
TOP OF THE 4TH |
Aberdeen Ironbirds batting - Pitching for Idaho Falls Chukars : LHP Randy Stapleton
|
Batting: RHB Hunter Neumann
|
0-0: Ball 1-0: Ball 2-0: Ball 3-0: Called Strike 3-1: SOLO HOME RUN (Flyball, 89XD, EV 97.5 MPH), Distance : 385 ft
|
Batting: SHB Tyler Myatt
|
0-0: Called Strike 0-1: Fly out, F7 (Flyball, 7, EV 91.9 MPH)
|
Batting: RHB Mario Luna
|
0-0: Called Strike 0-1: Ball 1-1: Foul Ball, location: 2F 1-2: Ground out 4-3 (Groundball, 4, EV 89.4 MPH)
|
Pitching: RHP Joe Cozart
|
|
Batting: LHB Jose Bethancourt
|
0-0: Called Strike 0-1: Fly out, F6 (Popup, 6M, EV 50.0 MPH)
|
Top of the 4th over - 1 run, 1 hit, 0 errors, 0 left on base; Aberdeen 13 - Idaho Falls 0 |
BOTTOM OF THE 4TH |
Idaho Falls Chukars batting - Pitching for Aberdeen Ironbirds : RHP Nick Hoag
|
Batting: RHB Nate De Jongh
|
0-0: Ball 1-0: Foul Ball, location: 2F 1-1: Swinging Strike 1-2: Ball 2-2: Foul Ball, location: 2F 2-2: Ball 3-2: Ground out 5-3 (Groundball, 56S, EV 70.0 MPH)
|
Batting: RHB Kevin Allen
|
0-0: Swinging Strike 0-1: Ball 1-1: Ball 2-1: Foul Ball, location: 2F 2-2: Ball 3-2: Strikes out looking
|
Batting: RHB Eric Dyer
|
0-0: Ball 1-0: Swinging Strike 1-1: Foul Ball, location: 2F 1-2: Ball 2-2: Ball 3-2: Strikes out swinging
|
Bottom of the 4th over - 0 runs, 0 hits, 0 errors, 0 left on base; Aberdeen 13 - Idaho Falls 0 |
TOP OF THE 5TH |
Aberdeen Ironbirds batting - Pitching for Idaho Falls Chukars : RHP Joe Cozart
|
Batting: RHB Edwin Ramos
|
0-0: SOLO HOME RUN (Flyball, 89XD, EV 98.8 MPH), Distance : 390 ft
|
Batting: LHB Tim Mulholland
|
0-0: Ball 1-0: Swinging Strike 1-1: Called Strike 1-2: Ball 2-2: Ball 3-2: Foul Ball, location: 2F 3-2: Base on Balls
|
Batting: RHB Jordan Wallace
|
0-0: Hit by Pitch Tim Mulholland to second
|
Batting: RHB Lee Deason
|
0-0: Called Strike 0-1: Called Strike 0-2: SINGLE (Groundball, 56D, EV 99.4 MPH) Tim Mulholland to third Jordan Wallace to second
|
Batting: SHB Jorge Brito
|
0-0: Called Strike 0-1: Ball 1-1: Foul Ball, location: 2F 1-2: SINGLE (Line Drive, 34D, EV 96.2 MPH) Tim Mulholland scores Jordan Wallace to third Lee Deason to second
|
Pitching: RHP Jeremy Haun
|
|
Batting: RHB Hunter Neumann
|
0-0: Ball Wild Pitch! Jordan Wallace scores Lee Deason to third Jorge Brito to second 1-0: Ball 2-0: Foul Ball, location: 2F 2-1: Ball 3-1: Base on Balls
|
Batting: SHB Tyler Myatt
|
0-0: Ball 1-0: Swinging Strike 1-1: Foul Ball, location: 2F 1-2: Ball 2-2: Ball 3-2: Foul Ball, location: 2F 3-2: Foul Ball, location: 2F 3-2: Base on Balls Lee Deason scores Jorge Brito to third Hunter Neumann to second
|
Batting: RHB Mario Luna
|
0-0: Ball 1-0: Foul Ball, location: 2F 1-1: Foul Ball, location: 2F 1-2: Ball Wild Pitch! Jorge Brito scores Hunter Neumann to third Tyler Myatt to second 2-2: Ball Balk! Hunter Neumann scores Tyler Myatt to third 3-2: Fly out, F9 (Flyball, 9LM, EV 86.9 MPH)
|
Pitching: LHP John Wagner
|
|
Batting: LHB Jose Bethancourt
|
0-0: SINGLE (Groundball, 6D, EV 103.1 MPH) Tyler Myatt scores
|
Batting: RHB Edwin Ramos
|
0-0: Ball Wild Pitch! Jose Bethancourt to second 1-0: Ball 2-0: Foul Ball, location: 2F 2-1: Called Strike 2-2: 2-RUN HOME RUN (Flyball, 7LD, EV 97.5 MPH), Distance : 364 ft
|
Batting: LHB Tim Mulholland
|
0-0: Ball 1-0: Called Strike 1-1: Fly out, F8 (Flyball, 8RD, EV 79.4 MPH)
|
Batting: RHB Jordan Wallace
|
0-0: Called Strike 0-1: SINGLE (Groundball, 6MD, EV 107.5 MPH)
|
Batting: RHB Lee Deason
|
0-0: Foul Ball, location: 2F 0-1: Ball 1-1: Called Strike 1-2: Foul Ball, location: 2F 1-2: Ball 2-2: Strikes out swinging
|
Top of the 5th over - 9 runs, 6 hits, 0 errors, 1 left on base; Aberdeen 22 - Idaho Falls 0 |
BOTTOM OF THE 5TH |
Idaho Falls Chukars batting - Pitching for Aberdeen Ironbirds : RHP Nick Hoag
|
Batting: RHB Ben Minge
|
0-0: Ball 1-0: Ground out U3 (Groundball, 34, EV 80.6 MPH)
|
Batting: RHB Timotheus Cooper
|
0-0: Foul Ball, location: 2F 0-1: Foul Ball, location: 2F 0-2: Strikes out swinging
|
Batting: RHB Chad Sullivan
|
0-0: Ground out 1-3 (Groundball, 13S, EV 73.8 MPH)
|
Bottom of the 5th over - 0 runs, 0 hits, 0 errors, 0 left on base; Aberdeen 22 - Idaho Falls 0 |
TOP OF THE 6TH |
Aberdeen Ironbirds batting - Pitching for Idaho Falls Chukars : LHP John Wagner
|
Batting: SHB Jorge Brito
|
0-0: Called Strike 0-1: Foul Ball, location: 2F 0-2: Ball 1-2: Fly out, F8 (Line Drive, 8RD, EV 111.2 MPH)
|
Batting: RHB Hunter Neumann
|
0-0: Ball 1-0: Ball 2-0: Ball 3-0: Base on Balls
|
Batting: SHB Tyler Myatt
|
0-0: Ball 1-0: Ball 2-0: Ball 3-0: Called Strike 3-1: Foul Ball, location: 2F 3-2: Foul Ball, location: 2F 3-2: SINGLE (Popup, 4D, EV 43.1 MPH) Hunter Neumann to second
|
Batting: RHB Mario Luna
|
0-0: Ball 1-0: Called Strike Balk! Hunter Neumann to third Tyler Myatt to second 1-1: Ball 2-1: Foul Ball, location: 2F 2-2: Ball 3-2: Foul Ball, location: 2F 3-2: Base on Balls
|
Batting: LHB Jose Bethancourt
|
0-0: Ball 1-0: Called Strike 1-1: Ball Wild Pitch! Hunter Neumann scores Tyler Myatt to third Mario Luna to second 2-1: Ball 3-1: Called Strike 3-2: Base on Balls
|
Batting: RHB Edwin Ramos
|
0-0: Ball Wild Pitch! Tyler Myatt scores Mario Luna to third Jose Bethancourt to second 1-0: Ball 2-0: Ball 3-0: Base on Balls
|
Batting: LHB Tim Mulholland
|
0-0: Called Strike Balk! Mario Luna scores Jose Bethancourt to third Edwin Ramos to second 0-1: Called Strike 0-2: Hit by Pitch
|
Batting: RHB Jordan Wallace
|
0-0: DOUBLE (Line Drive, 9LM, EV 100.6 MPH) Jose Bethancourt scores Edwin Ramos scores Tim Mulholland to third
|
Batting: RHB Lee Deason
|
0-0: Ball 1-0: Ball 2-0: Foul Ball, location: 2F 2-1: Ball 3-1: Base on Balls
|
Batting: SHB Jorge Brito
|
0-0: Ball 1-0: Called Strike 1-1: Called Strike 1-2: Ball 2-2: Foul Ball, location: 2F 2-2: Strikes out swinging
|
Batting: RHB Hunter Neumann
|
0-0: Ground out 5-3 (Groundball, 5S, EV 86.2 MPH)
|
Top of the 6th over - 5 runs, 2 hits, 0 errors, 3 left on base; Aberdeen 27 - Idaho Falls 0 |
BOTTOM OF THE 6TH |
Idaho Falls Chukars batting - Pitching for Aberdeen Ironbirds : RHP Nick Hoag
|
Batting: RHB Eric Erickson
|
0-0: Ball 1-0: Ball 2-0: Called Strike 2-1: Swinging Strike 2-2: Ball 3-2: Foul Ball, location: 2F 3-2: Strikes out looking
|
Batting: RHB Ken Postlethwaite
|
0-0: Swinging Strike 0-1: Ball 1-1: Called Strike 1-2: Foul Ball, location: 2F 1-2: Ball 2-2: Strikes out looking
|
Batting: RHB Edite Leoni
|
0-0: Swinging Strike 0-1: Called Strike 0-2: Ball 1-2: Foul Ball, location: 2F 1-2: Ground out U3 (Groundball, 34S, EV 94.4 MPH)
|
Bottom of the 6th over - 0 runs, 0 hits, 0 errors, 0 left on base; Aberdeen 27 - Idaho Falls 0 |
TOP OF THE 7TH |
Aberdeen Ironbirds batting - Pitching for Idaho Falls Chukars : LHP John Wagner
|
Batting: SHB Tyler Myatt
|
0-0: Ball 1-0: Called Strike 1-1: Ball 2-1: Ball 3-1: Called Strike 3-2: Foul Ball, location: 2F 3-2: Base on Balls
|
Pinch Hitting: LHB Shane Free
|
0-0: Swinging Strike 0-1: Swinging Strike 0-2: Ball 1-2: Fielders Choice at 2nd, 4-6 (Groundball, 4M, EV 101.9 MPH)
|
Batting: LHB Jose Bethancourt
|
0-0: SINGLE (Groundball, 6M, EV 98.8 MPH) Shane Free to second
|
Batting: RHB Edwin Ramos
|
0-0: Ball 1-0: Fielders Choice at 2nd, 5-4 (Groundball, 56S, EV 82.5 MPH) Shane Free to third
|
Batting: LHB Tim Mulholland
|
0-0: Ball 1-0: Ball 2-0: SINGLE (Flyball, 8RS, EV 100.6 MPH) Shane Free scores Edwin Ramos to second
|
Pinch Hitting: RHB Juan Estrada
|
0-0: Fly out, F4 (Popup, 34, EV 61.2 MPH)
|
Top of the 7th over - 1 run, 2 hits, 0 errors, 2 left on base; Aberdeen 28 - Idaho Falls 0 |
BOTTOM OF THE 7TH |
Idaho Falls Chukars batting - Pitching for Aberdeen Ironbirds : RHP Nick Hoag
|
Pitching: LHP Chris Brown
|
|
Now at 2B: Shane Free
|
|
Now in CF: David Best
|
|
Batting: RHB Nate De Jongh
|
0-0: Foul Ball, location: 2F 0-1: Ball 1-1: Ball 2-1: Ball 3-1: Foul Ball, location: 2F 3-2: Strikes out looking
|
Batting: RHB Kevin Allen
|
0-0: Swinging Strike 0-1: Foul Ball, location: 2F 0-2: Ground out 3-1 (Groundball, 34, EV 106.2 MPH)
|
Batting: RHB Eric Dyer
|
0-0: Called Strike 0-1: Swinging Strike 0-2: Ball 1-2: Strikes out looking
|
Bottom of the 7th over - 0 runs, 0 hits, 0 errors, 0 left on base; Aberdeen 28 - Idaho Falls 0 |
TOP OF THE 8TH |
Aberdeen Ironbirds batting - Pitching for Idaho Falls Chukars : LHP John Wagner
|
Batting: RHB Lee Deason
|
0-0: Called Strike 0-1: Ball 1-1: Ball 2-1: Fly out, F8 (Flyball, 78XD, EV 94.4 MPH)
|
Batting: SHB Jorge Brito
|
0-0: Ball 1-0: SOLO HOME RUN (Flyball, 9D, EV 103.8 MPH), Distance : 395 ft
|
Batting: RHB Hunter Neumann
|
0-0: SOLO HOME RUN (Flyball, 9D, EV 95.6 MPH), Distance : 381 ft
|
Batting: SHB Tyler Myatt
|
0-0: Ball 1-0: Ground out U3 (Groundball, 3, EV 103.8 MPH)
|
Batting: LHB Shane Free
|
0-0: Ground out U3 (Groundball, 34, EV 96.9 MPH)
|
Top of the 8th over - 2 runs, 2 hits, 0 errors, 0 left on base; Aberdeen 30 - Idaho Falls 0 |
BOTTOM OF THE 8TH |
Idaho Falls Chukars batting - Pitching for Aberdeen Ironbirds : LHP Chris Brown
|
Batting: RHB Ben Minge
|
0-0: SINGLE (Line Drive, 6MD, EV 98.1 MPH)
|
Batting: RHB Timotheus Cooper
|
0-0: Ball 1-0: Fly out, F7 (Flyball, 7LM, EV 86.2 MPH)
|
Batting: RHB Chad Sullivan
|
0-0: Ball 1-0: Swinging Strike 1-1: Swinging Strike 1-2: Ball 2-2: Strikes out swinging
|
Batting: RHB Eric Erickson
|
0-0: Ground out 4-3 (Groundball, 4, EV 100.0 MPH)
|
Bottom of the 8th over - 0 runs, 1 hit, 0 errors, 1 left on base; Aberdeen 30 - Idaho Falls 0 |
TOP OF THE 9TH |
Aberdeen Ironbirds batting - Pitching for Idaho Falls Chukars : LHP John Wagner
|
Batting: LHB Jose Bethancourt
|
0-0: Swinging Strike 0-1: Ball 1-1: Foul Ball, location: 2F 1-2: Foul Ball, location: 2F 1-2: Ball 2-2: Ball 3-2: Base on Balls
|
Batting: RHB Edwin Ramos
|
0-0: Fly out, F6 (Line Drive, 6, EV 65.6 MPH)
|
Batting: LHB Tim Mulholland
|
Balk! Jose Bethancourt to second 0-0: Ball 1-0: Called Strike 1-1: Ball 2-1: Ball 3-1: Foul Ball, location: 2F 3-2: Ground out 4-3 (Groundball, 4, EV 93.1 MPH) Jose Bethancourt to third
|
Batting: LHB David Best
|
0-0: Ground out 5-3 (Groundball, 56S, EV 90.6 MPH)
|
Top of the 9th over - 0 runs, 0 hits, 0 errors, 1 left on base; Aberdeen 30 - Idaho Falls 0 |
BOTTOM OF THE 9TH |
Idaho Falls Chukars batting - Pitching for Aberdeen Ironbirds : LHP Chris Brown
|
Batting: RHB Ken Postlethwaite
|
0-0: Foul Ball, location: 2F 0-1: Ball 1-1: SINGLE (Groundball, 56D, EV 101.2 MPH)
|
Pitching: LHP Vinny Duarte
|
|
Batting: RHB Edite Leoni
|
0-0: Ball 1-0: Foul Ball, location: 2F 1-1: Called Strike 1-2: Strikes out swinging
|
Batting: RHB Nate De Jongh
|
0-0: Swinging Strike 0-1: Swinging Strike 0-2: Strikes out swinging
|
Batting: RHB Kevin Allen
|
0-0: Called Strike 0-1: Ball 1-1: Foul Ball, location: 2F 1-2: Ball 2-2: Ball 3-2: Base on Balls Ken Postlethwaite to second
|
Batting: RHB Eric Dyer
|
0-0: Ball 1-0: Foul Ball, location: 2F 1-1: Foul Ball, location: 2F 1-2: Ball 2-2: Strikes out swinging
|
Bottom of the 9th over - 0 runs, 1 hit, 0 errors, 2 left on base; Aberdeen 30 - Idaho Falls 0 |
|